 Dungeon Crawl Stone Soup version 0.16.2-12-gd0ad4c3 (webtiles) character file.

335 dvd the Stinger (level 6, -9/50 HPs)
             Began as a Naga Venom Mage on Sept 18, 2015.
             Killed from afar by Pikel (11 damage)
             ... with a wand of draining
             ... on level 4 of the Dungeon.
             The game lasted 00:26:12 (3668 turns).

dvd the Stinger (Naga Venom Mage)                   Turns: 3668, Time: 00:26:12

Health: -9/50      AC:  6    Str: 11    XL:     6   Next: 53%
Magic:  2/13       EV: 10    Int: 16    God:
Gold:   226        SH:  0    Dex: 12    Spells: 3 memorised, 4 levels left

rFire  + . .     SeeInvis +     B - +2 short sword (flame)
rCold  . . .     Clarity  .     a - +2 leather armour {rF+}
rNeg   + . .     SustAb   .     (no shield)
rPois  +         Gourm    .     (no helmet)
rElec  .         Spirit   .     (no cloak)
rCorr  .         Warding  .     g - +0 pair of gloves
rMut   .         Stasis   .     (no barding)
MR     .....                    (no amulet)
Stlth  ++........               (no ring)
                                t - ring of positive energy

@: short of breath, very slightly contaminated, drained, very slow, not
resistant to hostile enchantments, unstealthy
A: spit poison, see invisible, deformed body, poison resistance, slowness 2, AC
+2
a: Spit Poison


You were on level 4 of the Dungeon.
You were hungry.

You visited 1 branch of the dungeon, and saw 4 of its levels.

You collected 226 gold pieces.

Inventory:

Hand weapons
 n - a +0 dagger
 A - a +0 halberd
 B - a +2 short sword of flaming (weapon)
Missiles
 k - 5 steel tomahawks (quivered)
Armour
 a - a +2 leather armour of fire resistance (worn)
 g - a +0 pair of gloves (worn)
 v - a +0 robe
Jewellery
 t - a ring of positive energy (left hand)
Magical devices
 l - a wand of slowing (45)
Scrolls
 d - 2 scrolls of remove curse
 f - a scroll of magic mapping
 i - 6 scrolls of identify
Potions
 e - 3 potions of curing
Books
 b - a Young Poisoner's Handbook

   Spells                             Type                      Level
   a - Sting                          Conjuration/Poison           1
   b - Cure Poison                    Poison                       2
   c - Mephitic Cloud                 Conjuration/Poison/Air       3
   d - Olgreb's Toxic Radiance        Poison                       4
   e - Venom Bolt                     Conjuration/Poison           5
Comestibles
 c - 3 bread rations
 h - a slice of pizza
 m - 2 poisonous chunks of flesh


   Skills:
 + Level 0.8(0.5) Fighting
 + Level 0.4(0.1) Short Blades
 + Level 0.4(0.1) Polearms
 + Level 0.1(0.0) Armour
 + Level 2.7(2.5) Dodging
 + Level 3.8(3.5) Stealth
 + Level 3.1(2.8) Spellcasting
 + Level 1.5(1.2) Conjurations
 + Level 7.5(7.2) Poison Magic


You had 4 spell levels left.
You knew the following spells:

 Your Spells              Type           Power        Failure   Level  Hunger
a - Sting                 Conj/Pois      ###.         6%          1    #......
b - Olgreb's Toxic Radia  Pois           ####....     17%         4    #####..
c - Cure Poison           Pois           ####......   1%          2    ##.....


Dungeon Overview and Level Annotations

Branches:
Dungeon (4/15)
 Temple: D:4-7

Altars:
Nemelex Xobeh
Yredelemnul

Annotations:
D:4 Blork the orc, Pikel


Innate Abilities, Weirdness & Mutations

You cannot wear boots.
You can spit poison.
Your serpentine skin is tough (AC +2).
You have supernaturally acute eyesight.
Armour fits poorly on your strangely shaped body.
Your system is resistant to poisons.
You cover ground very slowly.


Message History

Zapping:
l - a wand of slowing (47)
Press: ? - help, Shift-Dir - straight line, f - slave, p - Blork the orc
Aim: a slave, wearing an animal skin (moderately wounded, poisoned, chance 51%)
The slave seems to slow down.
This wand has 46 charges left.
The slave looks more healthy.
Blork the orc barely misses you. The slave closely misses you.
The slave barely misses you.
Evoke which item? (* to show all) (? for menu, Esc to quit)
Zapping:
l - a wand of slowing (46)
Press: ? - help, Shift-Dir - straight line, f - slave, p - slave
Aim: a slave, wearing an animal skin (moderately wounded, chance 51%)
The slave resists with significant effort.
This wand has 45 charges left.
Blork the orc hits you but does no damage.
The slave hits you!
* * * LOW HITPOINT WARNING * * *
Pikel zaps a wand.
The bolt of negative energy hits Blork the orc.
Blork the orc is drained!
The bolt of negative energy hits you! You partially resist.
You feel drained.
You die...

#......# ###......#+######
.. .........#......###...
.........#............
.......<.#............
.........#.............
.........'.............
.........#####'#####+####.
####............@op........
#............ppK[.......
#.......................
#....################.#
#....# ....# .


You could see Pikel, Blork the orc (invisible) and 3 slaves.

Vanquished Creatures
  A slave (D:4)
  Sigmund (D:2)
  A giant frog skeleton (D:3)
  A worker ant (D:3)
  The ghost of dscm the Skirmisher, a weakling NaFi (D:3)
  4 adders
  7 gnolls (D:3)
  5 giant geckos
  10 orcs (D:3)
  4 giant cockroaches
  9 goblins
  8 hobgoblins
  3 jackals (D:1)
  A ball python (D:1)
  9 bats
  2 giant newts (D:3)
  4 kobolds
  10 rats
81 creatures vanquished.

Notes
Turn   | Place    | Note
--------------------------------------------------------------
     0 | D:1      | dvd, the Naga Venom Mage, began the quest for the Orb.
     0 | D:1      | Reached XP level 1. HP: 15/15 MP: 3/3
   182 | D:1      | Reached XP level 2. HP: 22/22 MP: 2/4
   535 | D:1      | Reached skill level 6 in Poison Magic
   948 | D:1      | Reached XP level 3. HP: 28/28 MP: 3/6
  1058 | D:2      | Noticed Sigmund
  1072 | D:2      | Killed Sigmund
  1072 | D:2      | Reached XP level 4. HP: 18/36 MP: 4/8
  1220 | D:2      | Learned a level 4 spell: Olgreb's Toxic Radiance
  1223 | D:2      | Learned a level 2 spell: Cure Poison
  1258 | D:2      | Reached skill level 1 in Conjurations
  1456 | D:2      | Found a basalt altar of Yredelemnul.
  1521 | D:2      | Reached XP level 5. HP: 39/42 MP: 2/9
  1884 | D:2      | Reached skill level 7 in Poison Magic
  2070 | D:3      | Noticed dscm's ghost (weakling NaFi)
  2079 | D:3      | HP: 1/43 [dscm's ghost (15)]
  2080 | D:3      | Killed dscm's ghost
  2490 | D:3      | Found a sparkling altar of Nemelex Xobeh.
  2766 | D:3      | Reached XP level 6. HP: 34/50 MP: 7/12
  3653 | D:4      | Noticed Blork the orc
  3661 | D:4      | Noticed Pikel
  3668 | D:4      | HP: 2/50 [slave[Pikel] (9)]
  3668 | D:4      | Killed from afar by Pikel

Action                   |  1- 3 |  4- 6 || total
-------------------------+-------+-------++-------
Melee: Unarmed           |    13 |     5 ||    18
       Dagger            |       |    11 ||    11
       Scythe            |       |    23 ||    23
       Short sword       |       |    22 ||    22
 Cast: Sting             |    22 |    36 ||    58
       Olgreb's Toxic Ra |       |     8 ||     8
       Cure Poison       |       |     8 ||     8
 Abil: Spit Poison       |    19 |    29 ||    48
Evoke: Wand              |       |     3 ||     3
  Use: Scroll            |       |     9 ||     9
       Potion            |       |     4 ||     4
 Stab: Sleeping          |       |     3 ||     3
  Eat: Chunk             |     2 |    12 ||    14
